 Dungeon Crawl Stone Soup version 0.29.0-11-gd7f09526c8 (webtiles) character file.

Game seed: 16486228020040478695

29 xian the Chiller (level 3, 0/16 HPs)
             Began as a Vine Stalker Ice Elementalist on Sept 5, 2022.
             Slain by a ball python (2 damage)
             ... on level 2 of the Dungeon.
             The game lasted 00:02:34 (1381 turns).

xian the Chiller (Vine Stalker Ice Elementalist)    Turns: 1381, Time: 00:02:35

Health: 0/16       AC:  2    Str: 12    XL:     3   Next: 16%
Magic:  0/7        EV: 12    Int: 15    God:
Gold:   22         SH:  0    Dex: 14    Spells: 1/7 levels left

rFire   . . .      SeeInvis .   d - +0 dagger
rCold   . . .      Faith    .   (no shield)
rNeg    . . .      Spirit   +   a - +0 robe
rPois   .          Reflect  .   (no helmet)
rElec   .          Harm     .   (no cloak)
rCorr   .          Rampage  .   (no gloves)
Will    .....                   (no boots)
Stlth   ++........              (no amulet)
HPRegen 0.05/turn               (no ring)
MPRegen 0.10/turn               (no ring)

@: very slightly contaminated
A: fangs 2, magic shield, antimagic bite, no potion heal 2
a: no special abilities


You were on level 2 of the Dungeon.
You visited 1 branch of the dungeon, and saw 2 of its levels.

You collected 22 gold pieces.

Inventory:

Hand Weapons
 d - a +0 dagger (weapon)
Armour
 a - a +0 robe (worn)
Scrolls
 c - 3 scrolls of identify {unknown}
 f - a scroll of enchant weapon {unknown}
Potions
 b - a potion of magic
 e - a potion of mutation {unknown}
 g - a potion of ambrosia {unknown}
 h - a potion of resistance {unknown}


   Skills:
 + Level 0.2 Short Blades
 + Level 1.6 Dodging
 + Level 3.6 Stealth
 + Level 2.5 Spellcasting
 + Level 4.2 Ice Magic


You had one spell level left.
You knew the following spells:

 Your Spells              Type           Power      Damage    Failure   Level
a - Freeze                Ice            56%        1d7       3%          1
b - Ensorcelled Hibernat  Hex/Ice        16%        N/A       14%         2
c - Frozen Ramparts       Ice            28%        1d5       11%         3

Your spell library contained the following spells:

 Spells                   Type           Power      Damage    Failure   Level
 Ozocubu's Armour         Ice            14%        N/A       11%         3
 Spider Form              Tmut/Pois      1%         N/A       54%         3
 Hailstorm                Conj/Ice       8%         3d4       65%         4
 Anguish                  Hex/Necr       0%         N/A       91%         4


Dungeon Overview and Level Annotations

Branches:
Dungeon (2/15)

Altars:


Innate Abilities, Weirdness & Mutations

You have extremely sharp teeth.
When hurt, damage is shared between your health and your magic reserves.
Your bite disrupts and absorbs the magic of your enemies.
Potions cannot restore your health.


Message History

You miscast Ensorcelled Hibernation.
You are very lightly contaminated with residual magic.
Nothing appears to happen.
The ball python hisses angrily.
Casting: Ensorcelled Hibernation (safe; 14% risk of failure)
Confirm with . or Enter, or press ? or * to list all spells.
Aiming: Ensorcelled Hibernation (safe; 14% risk of failure)
Press: ? - help, Shift-Dir - straight line, f/p - worm
Aim: a worm (chance to affect: 50%)
You miscast Ensorcelled Hibernation.
Nothing appears to happen.
The worm closely misses you.
Unknown command.
Casting: Ensorcelled Hibernation (safe; 14% risk of failure)
Confirm with . or Enter, or press ? or * to list all spells.
Aiming: Ensorcelled Hibernation (safe; 14% risk of failure)
Press: ? - help, Shift-Dir - straight line, f/p - worm
Aim: a worm (chance to affect: 50%)
The worm looks drowsy...
Unknown command.
The helpless worm fails to defend itself.
You puncture the worm! You bite the worm. You drain its power.
You feel invigorated.
The worm is almost dead.
The ball python closely misses you. The ball python barely misses you.
The worm bites you!
You hit the worm but do no damage.
The worm is severely wounded.
The ball python misses you. The ball python grabs you.
The ball python constricts you. The worm bites you!
Ouch! That really hurt!
* * * LOW HITPOINT WARNING * * *
Unknown command.
You escape the ball python's grasp.
The ball python attacks as you move away!
The ball python misses you. The ball python barely misses you.
The ball python attacks as you move away!
The ball python misses you.
The ball python attacks as you move away!
The ball python bites you.
You die...

############## ###
.............#...
.............#.#
...............#
.......wS@...####.
#.................
.....#...#<#.####.
!.## ###.###... #
#.# #.# #.. .# ###
#


You could see a worm and a ball python.

Vanquished Creatures
  A dart slug (D:1)
  3 ball pythons (D:1)
  2 bats (D:1)
  2 endoplasms (D:1)
  A giant cockroach (D:1)
  2 goblins (D:1)
  3 hobgoblins (D:1)
  A quokka (D:1)
  3 frilled lizards (D:1)
  3 kobolds (D:1)
  3 rats (D:1)
24 creatures vanquished.

Notes
Turn   | Place    | Note
-------+----------+-------------------------------------------
     0 | D:1      | xian the Vine Stalker Ice Elementalist began the quest for
                  | the Orb.
     0 | D:1      | Reached XP level 1. HP: 9/9 MP: 4/4
   154 | D:1      | Reached XP level 2. HP: 9/13 MP: 3/6
   367 | D:1      | Learned a level 2 spell: Ensorcelled Hibernation
   789 | D:1      | Reached XP level 3. HP: 11/16 MP: 3/7
  1367 | D:1      | Learned a level 3 spell: Frozen Ramparts
  1381 | D:2      | Slain by a ball python

Illustrated notes

Levels and vault maps discovered:
D:1:      amcnicky_arrival_abandoned_market, layout_loops_ring
D:2:      layout_basic, basic_ecumenical_altar, grunt_decor_resistance,
          grunt_decor_clamped

Skill      XL: |  1  2 |
---------------+-------+-----
Stealth        | 3 |  3.6
Short Blades   | |  0.2
Dodging        | |  1.6
Spellcasting   | |  2.5
Ice Magic      | |  4.2

Action                   || total
-------------------------++-------
Melee: Dagger            ||    50
       Bite              ||     8
       Unarmed           ||     1
       Punch             ||     2
 Cast: Freeze            ||    10
       Ensorcelled Hiber ||     3
 Stab: Sleeping          ||    11
Armor: Robe              ||     9
Dodge: Dodged            ||    41
